 Dungeon Crawl Stone Soup version 0.20.1-1-g8b1a95d (webtiles) character file.

381 keltmir the Changer (level 6, -10/47 HPs)
             Began as a Draconian Transmuter on Oct 30, 2017.
             Mangled by Shiggy's ghost (15 damage)
             ... on level 3 of the Dungeon.
             The game lasted 00:15:04 (3538 turns).

keltmir the Changer (Draconian Transmuter)          Turns: 3538, Time: 00:15:04

Health: -10/47     AC:  2    Str: 13    XL:     6   Next: 46%
Magic:  3/9        EV: 19    Int: 15    God:
Gold:   135        SH:  0    Dex: 16    Spells: 5/9 levels left

rFire    . . .     SeeInvis .     - Unarmed
rCold    . . .     Gourm    .   (shield currently unavailable)
rNeg     . . .     Faith    .   (armour unavailable)
rPois    x         Spirit   .   (helmet currently unavailable)
rElec    .         Reflect  .   (cloak currently unavailable)
rCorr    .         Harm     .   (gloves currently unavailable)
MR       .....                  (boots currently unavailable)
Stlth    +.........             (no amulet)
Regen    0.2/turn               (no ring)
MPRegen  0.2/turn               (no ring)

@: about to teleport, spider-form, very slightly contaminated
A: unfitting armour, AC +6
a: End Transformation


You were on level 3 of the Dungeon.
You were not hungry.
You were a venomous arachnid creature.
You visited 1 branch of the dungeon, and saw 3 of its levels.

You collected 135 gold pieces.

Inventory:

Hand Weapons
 u - a +0 blowgun
Missiles
 a - 52 arrows
 v - 15 poisoned needles
Wands
 f - a wand of acid (0/15)
 m - a wand of flame (44/48)
Scrolls
 e - a scroll of enchant armour
 g - a scroll of remove curse
 r - a scroll of noise
 s - a scroll of teleportation
Potions
 d - a potion of brilliance
 h - a potion of agility {unknown}
 i - 2 potions of degeneration {unknown}
 l - a potion of resistance {unknown}
 n - a potion of ambrosia {unknown}
 o - a potion of haste {unknown}
 p - 3 potions of cancellation {unknown}
 t - a potion of lignification {unknown}
Books
 b - a book of Changes

   Spells                             Type                      Level
   a - Beastly Appendage              Transmutation                1
   b - Sticks to Snakes               Transmutation                2
   c - Spider Form                    Transmutation/Poison         3
   d - Ice Form                       Ice/Transmutation            4
   e - Blade Hands                    Transmutation                5
Comestibles
 c - 2 bread rations
 k - a royal jelly
 q - a meat ration


   Skills:
 + Level 1.4 Fighting
 - Level 1.7 Dodging
 + Level 3.0 Unarmed Combat
 - Level 2.0 Spellcasting
 * Level 6.9 Transmutations


You had 5 spell levels left.
You knew the following spells:

 Your Spells              Type           Power        Failure   Level  Hunger
a - Beastly Appendage     Tmut           ###...       6%          1    #......
b - Spider Form           Tmut/Pois      ##........   34%         3    ###....


Dungeon Overview and Level Annotations

Branches:
Dungeon (3/15)

Altars:

Annotations:
D:3 Shiggy's ghost, amateur MiFi


Innate Abilities, Weirdness & Mutations

((Your plain brown scales are hard. (AC +6)))
You cannot fit into any form of body armour.
((You are cold-blooded and may be slowed by cold attacks.))


Message History

Casting: Spider Form
Confirm with . or Enter, or press ? or * to list all spells.
You miscast Spider Form.
You are very lightly contaminated with residual magic.
Nothing appears to happen.
Casting: Spider Form
Confirm with . or Enter, or press ? or * to list all spells.
You turn into a venomous arachnid creature.
You hit Shiggy's ghost but do no damage.
You hit Shiggy's ghost but do no damage.
Shiggy's ghost hits you!
You hit Shiggy's ghost but do no damage.
Shiggy's ghost hits you! Shiggy's ghost hits you!
* * * LOW HITPOINT WARNING * * *
Unknown command.
As you read the scroll labeled TASCHI XOHO, it crumbles to dust.
You feel strangely unstable.
It was a scroll of teleportation.
Shiggy's ghost hits you!
You die...

.............##.# #.#
............##.#
#.###.
...........##.#
#..##.
...........##.#
##.##.
...........##.# #$##.
.........)##.####..#.
#.........†...)).#.
#W.........#####.#.
##.s........+.......
#...........######..
#...####......?....%
#...# #...........>
#...# #.......r....
##### #............
........... ........
........


You could see Shiggy's ghost.

Vanquished Creatures
  Sigmund (D:3)
  A hound (D:3)
  An orc wizard (D:3)
  Jessica (D:2)
  Ijyb (D:3)
  A worker ant (D:3)
  4 adders
  An adder zombie (D:3)
  2 dart slugs
  A leopard gecko (D:1)
  2 orcs (D:3)
  A ball python (D:1)
  A giant cockroach (D:2)
  7 goblins
  3 hobgoblins
  2 jackals (D:2)
  A quokka (D:3)
  5 bats
  5 frilled lizards
  6 kobolds
  7 rats
54 creatures vanquished.

Notes
Turn   | Place    | Note
-------+----------+-------------------------------------------
     0 | D:1      | keltmir the Draconian Transmuter began the quest for the Orb.
     0 | D:1      | Reached XP level 1. HP: 16/16 MP: 3/3
   146 | D:1      | Reached XP level 2. HP: 23/23 MP: 5/5
   264 | D:1      | Reached skill level 3 in Transmutations
  1115 | D:2      | Reached XP level 3. HP: 19/28 MP: 4/6
  1424 | D:2      | Learned a level 3 spell: Spider Form
  1499 | D:2      | Noticed Jessica
  1510 | D:2      | Killed Jessica
  1510 | D:2      | Reached skill level 4 in Transmutations
  1510 | D:2      | Reached XP level 4. HP: 31/35 MP: 3/7
  2011 | D:2      | Found a faded altar of an unknown god.
  2488 | D:3      | Reached skill level 5 in Transmutations
  2626 | D:3      | Noticed Ijyb
  2655 | D:3      | Killed Ijyb
  2655 | D:3      | Reached XP level 5. HP: 11/40 MP: 5/8
  2747 | D:3      | Noticed Shiggy's ghost (amateur MiFi)
  3118 | D:3      | Noticed Sigmund
  3183 | D:3      | Killed Sigmund
  3183 | D:3      | Reached skill level 6 in Transmutations
  3183 | D:3      | Reached XP level 6. HP: 20/47 MP: 6/9
  3538 | D:3      | Mangled by Shiggy's ghost

Skill      XL: |  1  2  3  4  5 |
---------------+----------------+-----
Transmutations | 3 4 5 6 |  6.9
Fighting       | |  1.4
Dodging        | |  1.7
Unarmed Combat | |  3.0
Spellcasting   | |  2.0

Action                   |  1- 3 |  4- 6 || total
-------------------------+-------+-------++-------
Melee: Unarmed           |    87 |   106 ||   193
       Tailslap          |     6 |     6 ||    12
       Kick              |     3 |       ||     3
       Punch             |     1 |     1 ||     2
 Cast: Beastly Appendage |     6 |       ||     6
       Spider Form       |     1 |    12 ||    13
Evoke: Wand              |       |     2 ||     2
  Use: Scroll            |     2 |     6 ||     8
       Potion            |       |     1 ||     1
 Stab: Sleeping          |       |     2 ||     2
  Eat: Chunk             |     2 |     8 ||    10
Armor: Skin              |    35 |    26 ||    61
Dodge: Dodged            |    74 |   107 ||   181
